 Dungeon Sprint DCSS version 0.26.1-11-gd32895ea62 (webtiles) character file.

Game seed: 6177809330354448411

444 Zeld the Magician (level 7, -15/56 HPs)
             Began as a Gnoll Earth Elementalist on June 13, 2021.
             Was an Initiate of Sif Muna.
             Demolished by Sonja
             ... wielding a +3 dagger of distortion
              (23 damage)
             ... in the Dungeon (Sprint I: "Red Sonja").
             The game lasted 00:01:02 (930 turns).

Zeld the Magician (Gnoll Earth Elementalist)         Turns: 930, Time: 00:01:03

Health: -15/56     AC:  2    Str: 10    XL:     7   Next: 3%
Magic:  5/17       EV: 16    Int: 20    God:    Sif Muna [......]
Gold:   351        SH:  0    Dex: 15    Spells: 5/20 levels left

rFire    . . .     SeeInvis .     - Unarmed
rCold    . . .     Faith    .   (no shield)
rNeg     . . .     Spirit   .   c - +0 robe
rPois    .         Reflect  .   (no helmet)
rElec    .         Harm     .   (no cloak)
rCorr    .         Rampage  .   (no gloves)
Will     .....     NoTele   +   (no boots)
Stlth    +++.......             (no amulet)
HPRegen  0.18/turn              (no ring)
MPRegen  0.15/turn              (no ring)

@: no status effects
A: distributed training, fangs 1, strong nose
a: Renounce Religion


You were in the Dungeon.
You worshipped Sif Muna.
Sif Muna was noncommittal.
You visited 1 branch You collected 351 gold pieces.

Inventory:

Missiles
 b - 34 stones (quivered)
Armour
 c - a +0 robe (worn)
Scrolls
 i - a scroll of blinking
Potions
 a - 3 potions of flight {unknown}
 d - 2 potions of curing
 e - a potion of heal wounds
 f - a potion of haste
 g - 2 potions of magic
 h - a potion of berserk rage


   Skills:
 + Level 5.1 Fighting
 + Level 5.1 Short Blades
 + Level 5.1 Long Blades
 + Level 5.1 Axes
 + Level 5.1 Maces & Flails
 + Level 5.1 Polearms
 + Level 5.1 Staves
 + Level 5.1 Slings
 + Level 5.1 Bows
 + Level 5.1 Crossbows
 + Level 5.1 Throwing
 + Level 5.1 Armour
 + Level 6.9 Dodging
 + Level 6.6 Stealth
 + Level 5.1 Shields
 + Level 5.1 Unarmed Combat
 + Level 7.2 Spellcasting
 + Level 4.2 Conjurations
 + Level 4.2 Hexes
 + Level 4.2 Summonings
 + Level 4.2 Necromancy
 + Level 4.2 Translocations
 + Level 4.7 Transmutations
 + Level 4.2 Fire Magic
 + Level 4.2 Ice Magic
 + Level 4.2 Air Magic
 + Level 7.0 Earth Magic
 + Level 4.2 Poison Magic
 + Level 5.6 Invocations
 + Level 5.1 Evocations


You had 5 spell levels left.
You knew the following spells:

 Your Spells              Type           Power        Failure   Level
a - Sandblast             Erth           70%          1%          1
b - Passwall              Tmut/Erth      25%          1%          2
c - Stone Arrow           Conj/Erth      58%          2%          3
d - Petrify               Tmut/Erth      30%          9%          4
e - Lee's Rapid Deconstr  Erth           17%          14%         5

Your spell library contained the following spells:

 Spells                   Type           Power        Failure   Level


Dungeon Overview and Level Annotations

Branches:
Dungeon (1/1)

Altars:
Cheibriados
Dithmenos
Elyvilon
Fedhas
Gozag
Hepliaklqana
Kikubaaqudgha
Nemelex Xobeh
Okawaru
Qazlal
Ru
Sif Muna
Trog
Uskayaw
Vehumet
Wu Jian
Yredelemnul
Zin
The Shining One

Shops:
D [

Annotations:
D Sonja


Innate Abilities, Weirdness & Mutations

Your experience applies equally to all skills.
You have very sharp teeth.
Your uncanny sense of smell can sniff out nearby items.


Message History

Aiming: Stone Arrow (dangerous; 2% risk of failure)
Press: ? - help, Shift-Dir - straight line, f/p - Sonja
Aim: Sonja, wielding a +3 dagger of distortion and quivering 8 curare-tipped darts (lightly wounded, 71% to evade)
The stone arrow hits Sonja!!
Sonja is severely wounded.
Sonja barely misses you.
Sonja hits you with a +3 dagger of distortion.
Space bends around you.
* * * LOW HITPOINT WARNING * * *
Sonja closely misses you.
Casting: Stone Arrow (dangerous; 2% risk of failure)
Confirm with . or Enter, or press ? or * to list all spells.
Aiming: Stone Arrow (dangerous; 2% risk of failure)
Press: ? - help, Shift-Dir - straight line, f/p - Sonja
Aim: Sonja, wielding a +3 dagger of distortion and quivering 8 curare-tipped darts (severely wounded, 71% to evade)
The stone arrow misses Sonja.
Sonja hits you with a +3 dagger of distortion!
* * * LOW HITPOINT WARNING * * *
Space warps horribly around you!!
You die...

################
#<.#..)..#..'..# ∆∆
#..[..#..').#..+ ∆∆
#..#####'#####'#
#..####..#...#.# ∆∆
#..#__####..##)#
#..#_____##'#_.+
#⌠⌠#_.∩...'..K_#
####_..__##_@#'#
#..#_____###'#.#∆∆∆∆
########## #.### ∆
$.$ ∆∆ ∆∆ ∆ $.$
##.## ∆#+#∆ ∆∆∆∆∆
∆∆∆∆∆


You could see Sonja.

Vanquished Creatures
  Sigmund (D)
  A yak (D)
  An ogre (D)
  A jelly (D)
  Ijyb (D)
5 creatures vanquished.

Notes
Turn   | Place    | Note
-------+----------+-------------------------------------------
     0 | D        | Zeld the Gnoll Earth Elementalist began the quest for the
                  | Orb.
     0 | D        | Reached XP level 1. HP: 13/13 MP: 6/6
     2 | D        | Noticed Ijyb
    17 | D        | Killed Ijyb
    18 | D        | Reached skill level 1 in Fighting
    18 | D        | Reached skill level 1 in Short Blades
    18 | D        | Reached skill level 1 in Long Blades
    18 | D        | Reached skill level 1 in Axes
    18 | D        | Reached skill level 1 in Maces & Flails
    18 | D        | Reached skill level 1 in Polearms
    18 | D        | Reached skill level 1 in Staves
    18 | D        | Reached skill level 1 in Slings
    18 | D        | Reached skill level 1 in Bows
    18 | D        | Reached skill level 1 in Crossbows
    18 | D        | Reached skill level 1 in Throwing
    18 | D        | Reached skill level 1 in Armour
    18 | D        | Reached skill level 1 in Shields
    18 | D        | Reached skill level 1 in Unarmed Combat
    18 | D        | Reached skill level 5 in Spellcasting
    18 | D        | Reached skill level 1 in Conjurations
    18 | D        | Reached skill level 1 in Hexes
    18 | D        | Reached skill level 1 in Summonings
    18 | D        | Reached skill level 1 in Necromancy
    18 | D        | Reached skill level 1 in Translocations
    18 | D        | Reached skill level 1 in Fire Magic
    18 | D        | Reached skill level 1 in Ice Magic
    18 | D        | Reached skill level 1 in Air Magic
    18 | D        | Reached skill level 1 in Poison Magic
    18 | D        | Reached skill level 1 in Evocations
    18 | D        | Reached XP level 2. HP: 6/22 MP: 0/8
    18 | D        | Reached XP level 3. HP: 7/27 MP: 0/9
    21 | D        | Learned a level 2 spell: Passwall
    25 | D        | Learned a level 3 spell: Stone Arrow
   246 | D        | Noticed an ogre
   251 | D        | Killed an ogre
   252 | D        | Reached skill level 5 in Dodging
   252 | D        | Reached skill level 5 in Stealth
   252 | D        | Reached XP level 4. HP: 35/35 MP: 6/11
   257 | D        | Learned a level 4 spell: Petrify
   443 | D        | Noticed Sigmund
   449 | D        | Killed Sigmund
   450 | D        | Reached XP level 5. HP: 42/42 MP: 8/14
   450 | D        | Reached XP level 6. HP: 48/48 MP: 8/15
   456 | D        | Learned a level 5 spell: Lee's Rapid Deconstruction
   647 | D        | Found an ornate altar of the Wu Jian Council.
   647 | D        | Found a shimmering blue altar of Sif Muna.
   649 | D        | Found a radiant altar of Vehumet.
   657 | D        | Became a worshipper of Sif Muna the Loreminder
   715 | D        | Found Ibeiliut's Armour Emporium.
   715 | D        | Found an ancient bone altar of Kikubaaqudgha.
   715 | D        | Found a hazy altar of Hepliaklqana.
   715 | D        | Found a hide-covered altar of Uskayaw.
   715 | D        | Found a basalt altar of Yredelemnul.
   715 | D        | Found an opulent altar of Gozag.
   715 | D        | Found a snail-covered altar of Cheibriados.
   715 | D        | Found a sacrificial altar of Ru.
   715 | D        | Found a shadowy altar of Dithmenos.
   715 | D        | Noticed a yak
   716 | D        | Found a stormy altar of Qazlal.
   716 | D        | Found a blossoming altar of Fedhas.
   716 | D        | Found a bloodstained altar of Trog.
   716 | D        | Found an iron altar of Okawaru.
   716 | D        | Found a glowing silver altar of Zin.
   735 | D        | Killed a yak
   736 | D        | Reached skill level 5 in Fighting
   736 | D        | Reached skill level 5 in Short Blades
   736 | D        | Reached skill level 5 in Long Blades
   736 | D        | Reached skill level 5 in Axes
   736 | D        | Reached skill level 5 in Maces & Flails
   736 | D        | Reached skill level 5 in Polearms
   736 | D        | Reached skill level 5 in Staves
   736 | D        | Reached skill level 5 in Slings
   736 | D        | Reached skill level 5 in Bows
   736 | D        | Reached skill level 5 in Crossbows
   736 | D        | Reached skill level 5 in Throwing
   736 | D        | Reached skill level 5 in Armour
   736 | D        | Reached skill level 5 in Shields
   736 | D        | Reached skill level 5 in Unarmed Combat
   736 | D        | Reached skill level 5 in Invocations
   736 | D        | Reached skill level 5 in Evocations
   736 | D        | Reached XP level 7. HP: 40/56 MP: 1/17
   751 | D        | Found a glowing golden altar of the Shining One.
   751 | D        | Found a white marble altar of Elyvilon.
   753 | D        | Found a sparkling altar of Nemelex Xobeh.
   926 | D        | Noticed Sonja
   930 | D        | Demolished by Sonja

Illustrated notes

Levels and vault maps discovered:
D:        dungeon_sprint_1 [red_sonja_temple_1, red_sonja_temple_small_1]

Skill      XL: |  1  2  3  4  5  6 |
---------------+-------------------+-----
Fighting       | 1 3 4 5 |  5.1
Short Blades   | 1 3 4 5 |  5.1
Long Blades    | 1 3 4 5 |  5.1
Axes           | 1 3 4 5 |  5.1
Maces & Flails | 1 3 4 5 |  5.1
Polearms       | 1 3 4 5 |  5.1
Staves         | 1 3 4 5 |  5.1
Slings         | 1 3 4 5 |  5.1
Bows           | 1 3 4 5 |  5.1
Crossbows      | 1 3 4 5 |  5.1
Throwing       | 1 3 4 5 |  5.1
Armour         | 1 3 4 5 |  5.1
Shields        | 1 3 4 5 |  5.1
Unarmed Combat | 1 3 4 5 |  5.1
Spellcasting   | 5 6 7 |  7.2
Conjurations   | 1 2 3 4 |  4.2
Hexes          | 1 2 3 4 |  4.2
Summonings     | 1 2 3 4 |  4.2
Necromancy     | 1 2 3 4 |  4.2
Translocations | 1 2 3 4 |  4.2
Transmutations | 2 3 4 |  4.7
Fire Magic     | 1 2 3 4 |  4.2
Ice Magic      | 1 2 3 4 |  4.2
Air Magic      | 1 2 3 4 |  4.2
Poison Magic   | 1 2 3 4 |  4.2
Invocations    | 2 3 4 5 |  5.6
Evocations     | 1 3 4 5 |  5.1
Dodging        | 5 6 |  6.9
Stealth        | 5 6 |  6.6
Earth Magic    | 6 7 |  7.0

Action                   |  1- 3 |  4- 6 |  7- 9 || total
-------------------------+-------+-------+-------++-------
Melee: Unarmed           |     8 |       |       ||     8
       Bite              |     1 |       |       ||     1
 Cast: Sandblast         |    10 |     7 |       ||    17
       Passwall          |     2 |       |       ||     2
       Stone Arrow       |       |     5 |     4 ||     9
Armor: Robe              |     1 |       |       ||     1
Dodge: Dodged            |     6 |     3 |     8 ||    17
